 Dungeon Crawl Stone Soup version 0.30-a0-847-g17996783a1 (webtiles) character file.

Game seed: 7388383395288580193

145 oldriver the Shooter (level 5, -11/45 HPs)
             Began as a Meteoran Hunter on Mar 3, 2023.
             Mangled by an ogre
             ... wielding a +0 giant club
              (14 damage)
             ... on level 4 of the Dungeon.
             The game lasted 00:07:16 (1887 turns).

oldriver the Shooter (Meteoran Hunter)              Turns: 1887, Time: 00:07:16

Health: -11/45     AC:  8    Str: 12    XL:     5   Next: 83%
Magic:  6/6        EV: 12    Int: 10    God:
Gold:   169        SH:  0    Dex: 20    Spells: 4/4 levels left

rFire   . . .      SeeInvis .    a - +0 shortbow
rCold   . . .      Faith    .    (shield currently unavailable)
rNeg    . . .      Spirit   .    o - +2 ring mail {rPois}
rPois   +          Reflect  .    h - +0 helmet
rElec   .          Rampage  .    (no cloak)
rCorr   .                        (no gloves)
Will    .....                    (no boots)
Stlth   +                        (no amulet)
HPRegen 0.27/turn                m - ring of flight
MPRegen 0.10/turn                (no ring)

@: flying, glowing
A: sense surroundings 1, otherworldly, glowing, explore regen
a: no special abilities


You were on level 4 of the Dungeon.
You visited 1 branch of the dungeon, and saw 5 of its levels.

You collected 169 gold pieces.

Inventory:

Hand Weapons
 a - a +0 shortbow (weapon)
 e - a +0 sling
Missiles
 l - 3 poisoned darts
Armour
 h - a +0 helmet (worn)
 o - a +2 ring mail of poison resistance (worn)
Jewellery
 m - a ring of flight (left hand)
Scrolls
 b - a scroll of immolation
 g - a scroll of enchant weapon {unknown}
 i - 3 scrolls of teleportation {unknown}
 n - a scroll of amnesia {unknown}
 q - a scroll of noise
 r - a scroll of fear {unknown}
Potions
 c - 2 potions of mutation {unknown}
 d - 3 potions of lignification
 f - a potion of heal wounds {unknown}
 j - 2 potions of might
 k - 3 potions of curing {unknown}
 p - a potion of haste {unknown}


   Skills:
 + Level 3.6 Fighting
 * Level 6.1 Ranged Weapons
 + Level 3.1 Dodging
 - Level 0.6 Stealth


You had 4 spell levels left.
You didn't know any spells.
Your spell library contained the following spells:

 Spells                   Type           Power      Damage    Failure   Level
 Magic Dart               Conj           0%         1d3       65%         1
 Call Imp                 Summ           0%         N/A       78%         2
 Mephitic Cloud           Conj/Pois/Air  0%         N/A       95%         3
 Chain Lightning          Conj/Air       0%         N/A       100%        9
 Fire Storm               Conj/Fire      0%         5d1       100%        9
 Shatter                  Erth           0%         3d5*      100%        9


Dungeon Overview and Level Annotations

Branches:
Dungeon (5/15) Zot: 1060
 Temple: D:4-7

Altars:
Nemelex Xobeh


Innate Abilities, Weirdness & Mutations

You passively map a small area around you.
You are easily found by Zot.
You glow in the dark.
You regain HP and MP as you explore.


Message History

You fly downwards.
There is a stone staircase leading up here.
You fly upwards.
There is a stone staircase leading down here.
There is a stone staircase leading down here.
You fly downwards.
The ogre shouts!
There is a stone staircase leading up here.
You aren't carrying any items that you can evoke.
You shoot an arrow. The arrow hits the ogre.
The ogre is lightly wounded.
The white imp gestures at you.
The puff of frost hits you but does no damage.
You shoot an arrow. The arrow hits the ogre.
The ogre is moderately wounded.
The white imp gestures at you. The puff of frost hits you.
You shoot an arrow. The arrow hits the white imp.
The white imp is lightly wounded.
The white imp puffs mist at you.
The white imp sputters.
The white imp gestures at you. The puff of frost hits you.
The ogre hits you with a +0 giant club!
You fly upwards.
There is a stone staircase leading down here.
You are too injured to fight recklessly!
You are too injured to fight recklessly!
Fire: a) +0 shortbow
Press: ? - help, Shift-Dir - straight line, f - ogre
Aim: an ogre, wielding a +0 giant club (moderately wounded, 79% to hit)
You shoot an arrow. The arrow hits the ogre.
The ogre is heavily wounded.
The ogre hits you with a +0 giant club!
* * * LOW HITPOINT WARNING * * *
Fire: a) +0 shortbow
Press: ? - help, Shift-Dir - straight line, f/p - ogre
Aim: an ogre, wielding a +0 giant club (heavily wounded, 79% to hit)
You shoot an arrow. The arrow barely misses the ogre.
The ogre hits you with a +0 giant club!
You die...

...................###...........
......##............##..........#
...#######...........#.........##
#### ##...................## #
##.................##
##...............##
#.....>..........# #
#..<........)....## #
##..@.....).......###
#..O..............#.
##..................
##.................
##................ #
##............... #
##.............. ##
#.............. .##
##..........###


You could see an ogre.

Vanquished Creatures
  Terence (D:2)
  Robin (D:2)
  5 adders
  A worm (D:2)
  3 dart slugs
  5 ball pythons
  4 endoplasms
  A giant cockroach (D:2)
  9 goblins
  4 hobgoblins (D:2)
  7 jackals (D:2)
  4 kobolds
  3 quokkas
  3 bats
  2 frilled lizards
  2 rats
55 creatures vanquished.

Notes
Turn   | Place    | Note
-------+----------+-------------------------------------------
     0 | D:1      | oldriver the Meteoran Hunter began the quest for the Orb.
     0 | D:1      | Reached XP level 1. HP: 17/17 MP: 2/2
   128 | D:2      | Reached XP level 2. HP: 25/25 MP: 3/3
   151 | D:2      | Reached skill level 5 in Ranged Weapons
   151 | D:2      | Reached XP level 3. HP: 6/30 MP: 4/4
   234 | D:2      | Noticed Robin
   240 | D:2      | Killed Robin
   241 | D:2      | Reached XP level 4. HP: 36/38 MP: 5/5
   316 | D:2      | Found a sparkling altar of Nemelex Xobeh.
   874 | D:2      | Noticed Terence
   888 | D:2      | Killed Terence
   889 | D:2      | Reached XP level 5. HP: 26/45 MP: 6/6
  1195 | D:3      | Found a faded altar of an unknown god.
  1494 | D:4      | Reached skill level 6 in Ranged Weapons
  1588 | D:5      | Entered Level 5 of the Dungeon
  1880 | D:5      | Noticed an ogre
  1887 | D:4      | Mangled by an ogre

Illustrated notes

Levels and vault maps discovered:
D:1:      onia_arrival_mini_spirals, layout_loops_corners,
          kennysheep_small_spiral
D:2:      layout_basic, basic_altar, uniq_terence, uniq_robin
D:3:      layout_basic, dilly_ecumenical_altar_fadedgnrine
D:4:      layout_cave_pods
D:5:      layout_basic

Skill      XL: |  1  2  3  4  5 |
---------------+----------------+-----
Ranged Weapons | 5 6 |  6.1
Fighting       | 3 |  3.6
Dodging        | 3 |  3.1
Stealth        | |  0.6

Action                     |  1- 3 |  4- 6 || total
---------------------------+-------+-------++-------
   Fire: Shortbow          |    58 |   116 ||   174
    Use: Potion            |       |     1 ||     1
         Scroll            |       |     3 ||     3
 Armour: Leather armour    |    16 |     1 ||    17
         Animal skin       |       |    18 ||    18
         Ring mail         |       |    36 ||    36
  Dodge: Dodged            |    28 |    44 ||    72

Table legend: (Time is in decaauts)
 A = Elapsed time spent in this place.
 B = Non-inter-level travel time spent in this place.
 C = Inter-level travel time spent in this place.
 D = Time resting spent in this place.
 E = Time spent auto-exploring this place.
 F = Levels seen in this place.
 G = Mean time per level.
                   A        B        C        D        E       F      G
               +--------+--------+--------+--------+--------+-----+--------+
         Total |   1937 |   1683 |    254 |      0 |      0 |   5 |  387.4 |
       Dungeon |   1937 |   1683 |    254 |      0 |      0 |   5 |  387.4 |
               +--------+--------+--------+--------+--------+-----+--------+

Top non-repeatable levels by time:
     D:2: 505 daAuts
     D:4: 492 daAuts
     D:3: 491 daAuts
     D:1: 438 daAuts
     D:5: 9 daAuts
